 Dungeon Crawl Stone Soup version 0.31.0 (webtiles) character file.

Game seed: 1398729680012363315

8486 qw the Skirmisher (level 11, -4/69 HPs)
             Began as a Gargoyle Hunter on Jan 19, 2024.
             Was a High Priest of Okawaru.
             Killed by divine providence
             ... invoked by a meliai
              (13 damage)
             ... on level 9 of the Dungeon.
             The game lasted 00:01:02 (9085 turns).

qw the Skirmisher (Gargoyle Hunter)                 Turns: 9085, Time: 00:01:03

Health: -4/69      AC: 23    Str: 15    XL:     11   Next: 31%
Magic:  17/17      EV: 18    Int: 10    God:    Okawaru [*****.]
Gold:   815        SH:  0    Dex: 17    Spells: 10/10 levels left

rFire   . . .        m - +1 orcbow
rCold   + . .        (shield currently unavailable)
rNeg    + . .        p - +1 leather armour {rC+}
rPois   inf          c - +2 helmet
rElec   +            l - +0 cloak
rCorr   .            d - +0 pair of gloves
SInv    .            e - +1 pair of boots {Stlth+}
Will    .....        (no amulet)
Stlth   +++          f - +5 ring of evasion
HPRegen 0.31/turn    o - +4 ring of protection
MPRegen 0.15/turn

%: no passive effects
@: about to teleport
A: sickness immunity, AC +8, negative energy resistance 1, electricity
resistance, torment resistance 1, petrification resistance
a: Renounce Religion, Heroism, Finesse, Duel


You were on level 9 of the Dungeon.
You worshipped Okawaru.
Okawaru was extremely pleased with you.
You visited 1 branch of the dungeon, and saw 9 of its levels.
You also visited: Ossuary.

You collected 815 gold pieces.


Innate Abilities, Weirdness & Mutations

You are immune to sickness and miasma.
Your stone body is resilient. (AC +8)
You are immune to poison.
You resist negative energy. (rN+)
You are resistant to electric shocks. (rElec)
You are resistant to unholy torment.
You are immune to petrification.


   Skills:
 + Level 8.5 Fighting
 - Level 13.1 Ranged Weapons
 - Level 3.2 Armour
 - Level 4.0 Dodging
 - Level 1.1 Stealth
 + Level 8.1 Invocations


You had 10 spell levels left.
You didn't know any spells.
Your spell library was empty.

Inventory:

Hand Weapons
 m - a +1 orcbow (weapon)
Armour
 c - a +2 helmet (worn)
 d - a +0 pair of gloves (worn)
 e - a +1 pair of boots of stealth (worn)
 g - +0 acid dragon scales
 l - a +0 cloak (worn)
 p - a +1 leather armour of cold resistance (worn)
Jewellery
 a - a ring of fire
 f - a +5 ring of evasion (left hand)
 n - a ring of protection from cold
 o - a +4 ring of protection (right hand)
Wands
 h - a wand of mindburst (14)
 q - a wand of iceblast (9)
 s - a wand of polymorph (9)
Scrolls
 b - 2 scrolls of teleportation
Potions
 i - 4 potions of mutation
 j - 3 potions of curing
 k - a potion of haste
 t - a potion of cancellation
 u - a potion of might {unknown}

Dungeon Overview and Level Annotations

Branches:
Dungeon (9/15)             Temple (0/1) D:6         Ossuary (visited)
   Lair: D:8-11         Orc: D:9-12

Altars:
Cheibriados
Gozag
Hepliaklqana
Makhleb
Okawaru
Uskayaw
Yredelemnul

Shops:
D:2 :


Message History

The meliai hits you but does no damage. The meliai stings you!
You shoot an arrow. The arrow hits the meliai.
The meliai is severely wounded.
The meliai misses you.
The meliai stings you but does no damage.
You shoot an arrow. The arrow hits the meliai!
The meliai is almost dead.
The meliai closely misses you. The meliai barely misses you.
You shoot an arrow. The arrow barely misses the meliai.
The arrow barely misses the cyclops.
The meliai invokes the aid of its god against you.
Something smites you! The meliai barely misses you.
The meliai stings you but does no damage.
You shoot an arrow. The arrow closely misses the meliai.
The arrow hits the cyclops!
The cyclops is lightly wounded.
The meliai misses you. The meliai barely misses you.
You shoot an arrow. The arrow misses the meliai.
The arrow hits the cyclops.
The cyclops is moderately wounded.
The meliai hits you with a +2 heavy hand axe.
The meliai stings you but does no damage.
You shoot an arrow. The arrow misses the meliai.
The arrow hits the cyclops!
The cyclops is heavily wounded.
The meliai invokes the aid of its god against you.
Something smites you! The meliai completely misses you.
The meliai stings you but does no damage.
9083 ||| READING 3 scrolls of teleportation.
As you read the scroll of teleportation, it crumbles to dust.
You feel strangely unstable. The meliai hits you but does no damage.
The meliai barely misses you.
You shoot an arrow.
The arrow hits the meliai but does no damage.
The meliai is almost dead.
The meliai hits you but does no damage. The meliai stings you.
You shoot an arrow. The arrow closely misses the meliai.
The arrow hits the cyclops.
The cyclops is heavily wounded.
The meliai invokes the aid of its god against you.
Something smites you!
You die...

##### O# #(./## .# ....##
Q# #...+ u+ #...# C# .
##..## .#
..###...##.#######u#..#
.......###......@yC#..#
####'#########'#####..# .
..#.#....#.......## ..# ..
.#.#.#...#.####...##..##...
#..#.#...# . ###..#.....
.###.#...#.. ##.#..#
#...#.#..'. #.'..#
)###..#..#.. ##.#..#
.)..##.#.#... ###..#..#


You could see a purple ugly thing, a cyclops and a meliai.

Vanquished Creatures
  A centaur warrior (D:9)
  3 two-headed ogres (D:8)
  An ugly thing (D:9)
  A cyclops (D:8)
  A troll (D:9)
  A hornet (D:8)
  Prince Ribbit (D:5)
  3 wyverns
  2 steam dragons (D:8)
  5 yaks
  An acid dragon (D:9)
  A water moccasin (D:7)
  2 ice beasts
  A black bear (D:8)
  5 centaurs
  A phantom (D:6)
  4 kobold brigands
  A weeping skull (D:8)
  2 bullfrogs (D:8)
  2 scorpions
  A wight (D:8)
  16 killer bees
  A howler monkey (D:9)
  2 hounds (D:5)
  2 jellies
  5 orc priests
  2 sleepcaps
  4 iguanas
  Terence (D:2)
  Natasha (thrice) (D:3)
  5 orc wizards
  8 mummies (Ossuary)
  Robin (D:2)
  7 gnolls
  9 adders
  3 shadow imps (D:4)
  2 white imps
  3 ribbon worms
  A dart slug (D:2)
  23 orcs
  9 ball pythons
  5 endoplasms
  3 giant cockroaches
  4 gnoll zombies (Ossuary)
  16 goblins
  5 hobgoblins
  3 jackals
  23 kobolds
  5 quokkas
  A bat (D:1)
  2 frilled lizards (D:1)
  2 hobgoblin zombies (Ossuary)
  A kobold zombie (Ossuary)
  An orc zombie (Ossuary)
  A quokka zombie (D:7)
  7 rats
  A rat zombie (D:7)
  A spectral orc (D:8)
228 creatures vanquished.

Notes
Turn   | Place    | Note
-------+----------+-------------------------------------------
     0 | D:1      | qw the Gargoyle Hunter began the quest for the Orb.
     0 | D:1      | Reached XP level 1. HP: 12/12 MP: 1/1
     0 | D:1      | 0 ||| qw: Version: 0.3-a-132-g3d54051
     0 | D:1      | 0 ||| qw: Game counter: 10
     0 | D:1      | 0 ||| qw: Melee chars always use a shield: true
     0 | D:1      | 0 ||| qw: God list: Okawaru
     0 | D:1      | 0 ||| qw: Allow faded altars: false
     0 | D:1      | 0 ||| qw: Do Orc after clearing Dungeon:15 true
     0 | D:1      | 0 ||| qw: Do second Lair branch before Depths: true
     0 | D:1      | 0 ||| qw: Lair rune preference: random
     0 | D:1      | 0 ||| qw: Goals: Normal
     0 | D:1      | 0 ||| PLANNING D:1-11
    37 | D:1      | HP: 3/12 [ball python (3)]
   233 | D:1      | Reached XP level 2. HP: 17/17 MP: 2/2
   388 | D:1      | HP: 1/17 [frozen (5)]
   721 | D:1      | Reached XP level 3. HP: 16/21 MP: 3/3
   905 | D:1      | 905 ||| UPGRADING to +0 pair of gloves.
   910 | D:1      | 910 ||| UPGRADING to +0 ring mail.
   920 | D:1      | 920 ||| DROPPING +0 leather armour.
   921 | D:1      | 921 ||| UPGRADING to +0 cloak.
   926 | D:1      | 926 ||| READING scroll labelled FEOHET PUATAMU.
   926 | D:1      | 926 ||| IDENTIFYING bubbling green potion
   927 | D:1      | 927 ||| READING scroll labelled TIKAMA XAPT.
   928 | D:1      | 928 ||| READING scroll labelled RICAL FEUSEDUE.
   933 | D:1      | 933 ||| DROPPING scroll of butterflies.
  1079 | D:2      | Noticed Terence
  1087 | D:2      | HP: 5/21 [Terence/+0 falchion (1)]
  1088 | D:2      | 1088 ||| DRINKING potion of heal wounds.
  1094 | D:2      | Killed Terence
  1095 | D:2      | 1095 ||| FLEEEEING.
  1180 | D:2      | Reached skill level 5 in Ranged Weapons
  1180 | D:2      | Reached XP level 4. HP: 20/26 MP: 4/4
  1180 | D:2      | 1180 ||| FLEEEEING.
  1247 | D:2      | 1247 ||| FLEEEEING.
  1349 | D:2      | Noticed Robin
  1356 | D:2      | Killed Robin
  1357 | D:2      | Reached skill level 3 in Fighting
  1893 | D:2      | Found Zanenesh's Book Emporium.
  1994 | D:2      | 1994 ||| UPGRADING to +2 animal skin.
  2004 | D:2      | 2004 ||| UPGRADING to +2 helmet.
  2009 | D:2      | 2009 ||| DROPPING +0 ring mail.
  2010 | D:2      | 2010 ||| UPGRADING to +5 ring of evasion.
  2011 | D:2      | 2011 ||| READING scroll labelled UVOAQO HAISKIKAS.
  2011 | D:2      | Identified a scroll of acquirement
  2011 | D:2      | 2011 ||| ACQUIRING +1 pair of boots of stealth
  2011 | D:2      | Acquired a +1 pair of boots of stealth
  2013 | D:2      | 2013 ||| UPGRADING to +1 pair of boots of stealth.
  2018 | D:2      | 2018 ||| READING scroll labelled KYSIME VUOXZU.
  2019 | D:2      | 2019 ||| FLEEEEING.
  2270 | D:3      | Reached XP level 5. HP: 32/32 MP: 5/5
  2277 | D:3      | 2277 ||| FLEEEEING.
  2291 | D:3      | 2291 ||| FLEEEEING.
  2366 | D:3      | 2366 ||| Invisibility monster not found???
  2492 | D:3      | Noticed Natasha
  2505 | D:3      | Killed Natasha
  2506 | D:3      | Reached skill level 6 in Ranged Weapons
  2641 | D:3      | Reached XP level 6. HP: 30/38 MP: 6/6
  2641 | D:3      | 2641 ||| FLEEEEING.
  2648 | D:3      | 2648 ||| STAIRDANCE
  2669 | D:2      | 2669 ||| READING scroll of identify.
  2669 | D:2      | 2669 ||| IDENTIFYING fuming dark potion
  2670 | D:2      | 2670 ||| READING scroll labelled VIUTIL OHUPASM.
  2809 | D:3      | Noticed Natasha
  2819 | D:3      | Killed Natasha
  2820 | D:3      | 2820 ||| FLEEEEING.
  2983 | D:3      | Noticed Natasha
  2995 | D:3      | HP: 4/38 [gnoll/+0 halberd (12)]
  2996 | D:3      | 2996 ||| READING scroll of teleportation.
  2997 | D:3      | 2997 ||| DRINKING 2 potions of heal wounds.
  2998 | D:3      | 2998 ||| RETREEEEATING.
  2999 | D:3      | 2999 ||| RETREEEEATING.
  3001 | D:3      | 3001 ||| FLEEEEING.
  3088 | D:3      | 3088 ||| RETREEEEATING.
  3089 | D:3      | 3089 ||| RETREEEEATING.
  3090 | D:3      | 3090 ||| RETREEEEATING.
  3102 | D:3      | Killed Natasha
  3165 | D:3      | 3165 ||| UPGRADING to +1 leather armour of cold resistance.
  3175 | D:3      | 3175 ||| DROPPING +2 animal skin.
  3176 | D:3      | 3176 ||| UPGRADING to +4 ring of protection.
  3177 | D:3      | 3177 ||| READING scroll labelled CAYCZYAKA.
  3177 | D:3      | 3177 ||| ENCHANTING +0 shortbow.
  3178 | D:3      | 3178 ||| READING scroll labelled ASTRO HO PIFFE.
  3212 | D:4      | HP: 8/38 [orc priest/+0 hand axe (3)]
  3213 | D:4      | 3213 ||| DRINKING potion of heal wounds.
  3228 | D:4      | 3228 ||| FLEEEEING.
  3234 | D:4      | 3234 ||| STAIRDANCE
  3339 | D:4      | Found an iron altar of Okawaru.
  3340 | D:4      | 3340 ||| PLANNING OKAWARU WORSHIP
  3340 | D:4      | 3340 ||| DROPPING ring of willpower.
  3341 | D:4      | 3341 ||| READING scroll labelled ETHUKHL LYMIDDU.
  3342 | D:4      | 3342 ||| READING scroll labelled EDYM ITEUPH.
  3354 | D:4      | Became a worshipper of Warmaster Okawaru
  3355 | D:4      | 3355 ||| PLANNING D:1-11
  3389 | D:4      | Reached skill level 7 in Ranged Weapons
  3394 | D:4      | Found a snail-covered altar of Cheibriados.
  3423 | D:4      | 3423 ||| READING scroll of enchant weapon.
  3423 | D:4      | 3423 ||| ENCHANTING +1 shortbow.
  3502 | D:4      | Reached XP level 7. HP: 43/43 MP: 7/7
  3544 | D:4      | Found an opulent altar of Gozag.
  3879 | D:4      | 3879 ||| DRINKING 3 metallic pink potions.
  3880 | D:4      | 3880 ||| DROPPING 2 potions of attraction.
  3900 | D:5      | Entered Level 5 of the Dungeon
  4058 | D:5      | Reached * piety under Okawaru
  4059 | D:5      | Reached skill level 8 in Ranged Weapons
  4252 | D:5      | Reached skill level 1 in Invocations
  4254 | D:5      | 4254 ||| FLEEEEING.
  4534 | D:5      | Reached XP level 8. HP: 48/48 MP: 9/9
  4838 | D:5      | Noticed Prince Ribbit
  4839 | D:5      | 4839 ||| INVOKING Heroism.
  4845 | D:5      | Killed Prince Ribbit
  4846 | D:5      | Reached skill level 3 in Invocations
  4881 | D:5      | 4881 ||| READING 2 scrolls of identify.
  4881 | D:5      | 4881 ||| IDENTIFYING brown potion
  4882 | D:5      | 4882 ||| READING scroll of identify.
  4882 | D:5      | 4882 ||| IDENTIFYING dark potion
  4883 | D:5      | 4883 ||| DROPPING potion of brilliance.
  4968 | D:6      | 4968 ||| SWAPPING to +0 orcbow.
  4979 | D:6      | 4979 ||| FLEEEEING.
  4987 | D:6      | 4987 ||| DROPPING +2 shortbow.
  5621 | D:6      | Reached skill level 9 in Ranged Weapons
  5797 | D:6      | Found a staircase to the Ecumenical Temple.
  5799 | D:6      | Identified the +5 falchion of Cosaul {heavy, ^Contam rCorr
                  | Str+4 Dex+5}
  5977 | D:6      | 5977 ||| READING 2 scrolls labelled COXOLI CAFYNKI.
  6078 | D:6      | 6078 ||| DROPPING scroll of silence.
  6124 | D:7      | Found a hazy altar of Hepliaklqana.
  6125 | D:7      | 6125 ||| PLANNING OSSUARY
  6346 | D:7      | 6346 ||| FLEEEEING.
  6463 | D:7      | Found a sand-covered staircase.
  6464 | D:7      | 6464 ||| DROPPING ring of resist corrosion.
  6476 | Ossuary  | Entered an ossuary
  6484 | Ossuary  | Reached skill level 6 in Fighting
  6685 | Ossuary  | 6685 ||| READING 3 scrolls of identify.
  6685 | Ossuary  | 6685 ||| IDENTIFYING bubbling red potion
  6686 | Ossuary  | 6686 ||| READING 2 scrolls of identify.
  6686 | Ossuary  | 6686 ||| IDENTIFYING metallic silvery potion
  6687 | Ossuary  | 6687 ||| READING scroll of identify.
  6687 | Ossuary  | 6687 ||| IDENTIFYING fuming cyan potion
  6688 | Ossuary  | 6688 ||| DRINKING 2 glowing red potions.
  6689 | Ossuary  | 6689 ||| DROPPING potion of lignification.
  6690 | Ossuary  | 6690 ||| DROPPING potion of degeneration.
  6716 | D:7      | 6716 ||| PLANNING D:1-11
  6942 | D:7      | Reached ** piety under Okawaru
  6943 | D:7      | Reached XP level 9. HP: 53/55 MP: 12/12
  7206 | D:7      | Found a burning altar of Makhleb.
  7206 | D:7      | Noticed a green death
  7210 | D:7      | Noticed an orange demon
  7210 | D:7      | Noticed a hellwing
  7217 | D:7      | Reached skill level 10 in Ranged Weapons
  7409 | D:8      | 7409 ||| RETREEEEATING.
  7410 | D:8      | 7410 ||| RETREEEEATING.
  7415 | D:8      | 7415 ||| INVOKING Heroism.
  7424 | D:8      | Reached skill level 3 in Dodging
  7442 | D:8      | Reached skill level 3 in Armour
  7453 | D:8      | 7453 ||| FLEEEEING.
  7525 | D:8      | Noticed a two-headed ogre
  7526 | D:8      | 7526 ||| INVOKING Heroism.
  7526 | D:8      | Noticed a hornet
  7536 | D:8      | Killed a two-headed ogre
  7536 | D:8      | Reached *** piety under Okawaru
  7537 | D:8      | Reached skill level 11 in Ranged Weapons
  7546 | D:8      | Killed a hornet
  7547 | D:8      | Reached XP level 10. HP: 51/64 MP: 13/13
  7633 | D:8      | 7633 ||| FLEEEEING.
  7851 | D:8      | Found a hide-covered altar of Uskayaw.
  7981 | D:8      | Found a basalt altar of Yredelemnul.
  8033 | D:8      | Noticed a two-headed ogre
  8034 | D:8      | 8034 ||| INVOKING Heroism.
  8053 | D:8      | Killed a two-headed ogre
  8053 | D:8      | Reached **** piety under Okawaru
  8054 | D:8      | Reached skill level 12 in Ranged Weapons
  8148 | D:8      | Noticed a two-headed ogre
  8149 | D:8      | 8149 ||| INVOKING Finesse.
  8150 | D:8      | 8150 ||| INVOKING Finesse.
  8151 | D:8      | 8151 ||| INVOKING Finesse.
  8161 | D:8      | Killed a two-headed ogre
  8197 | D:8      | 8197 ||| FLEEEEING.
  8206 | D:8      | 8206 ||| STAIRDANCE
  8234 | D:7      | 8234 ||| READING scroll of identify.
  8234 | D:7      | 8234 ||| IDENTIFYING purple potion
  8235 | D:7      | 8235 ||| DROPPING potion of invisibility.
  8276 | D:8      | HP: 16/64 [wyvern (6)]
  8277 | D:8      | 8277 ||| READING 4 scrolls of teleportation.
  8280 | D:8      | 8280 ||| FLEEEEING.
  8283 | D:8      | 8283 ||| STAIRDANCE
  8462 | D:8      | 8462 ||| FLEEEEING.
  8471 | D:8      | 8471 ||| STAIRDANCE
  8512 | D:8      | 8512 ||| READING scroll of enchant weapon.
  8512 | D:8      | 8512 ||| ENCHANTING +0 orcbow.
  8519 | D:8      | Noticed a cyclops
  8535 | D:8      | 8535 ||| INVOKING Finesse.
  8547 | D:8      | Killed a cyclops
  8548 | D:8      | Reached skill level 6 in Invocations
  8564 | D:8      | 8564 ||| FLEEEEING.
  8681 | D:9      | Reached ***** piety under Okawaru
  8685 | D:9      | 8685 ||| RETREEEEATING.
  8687 | D:9      | 8687 ||| RETREEEEATING.
  8692 | D:9      | 8692 ||| RETREEEEATING.
  8695 | D:9      | 8695 ||| FLEEEEING.
  8696 | D:9      | 8696 ||| FLEEEEING.
  8697 | D:9      | 8697 ||| FLEEEEING.
  8698 | D:9      | 8698 ||| STAIRDANCE
  8714 | D:9      | 8714 ||| STAIRDANCE
  8722 | D:8      | Reached XP level 11. HP: 67/68 MP: 16/16
  8728 | D:9      | 8728 ||| STAIRDANCE
  8806 | D:9      | Noticed a centaur warrior
  8810 | D:9      | Noticed a cyan ugly thing
  8812 | D:9      | 8812 ||| INVOKING Finesse.
  8813 | D:9      | 8813 ||| INVOKING Finesse.
  8822 | D:9      | Killed a centaur warrior
  8823 | D:9      | Reached skill level 13 in Ranged Weapons
  8840 | D:9      | Killed a cyan ugly thing
  8870 | D:9      | 8870 ||| FLEEEEING.
  8876 | D:9      | 8876 ||| STAIRDANCE
  8957 | D:9      | 8957 ||| FLEEEEING.
  9071 | D:9      | Noticed a purple ugly thing
  9071 | D:9      | Noticed a cyclops
  9071 | D:9      | Noticed a two-headed ogre
  9072 | D:9      | 9072 ||| RETREEEEATING.
  9082 | D:9      | HP: 14/69 [meliai/divine providence (14)]
  9083 | D:9      | 9083 ||| READING 3 scrolls of teleportation.
  9085 | D:9      | Killed from afar by a meliai

Levels and vault maps discovered:
D:1:      lemuel_arrival_broad_hall, layout_loops_corners
D:2:      layout_basic, serial_shops, shop, minmay_pentomino_z4, uniq_terence,
          uniq_robin
D:3:      layout_loops_ring, kennysheep_orc_chapel, uniq_natasha
D:4:      layout_cave_pools, lemuel_tele_altar,
          mainiacjoe_overflow_small_starburst, kennysheep_okawaru_gauntlet,
          serial_library_hellmonk_octagon
D:5:      minmay_diamond_boxcup, layout_basic, uniq_prince_ribbit1
D:6:      layout_layer_cave, minmay_temple_entry_offerings
D:7:      layout_basic, nicolae_hepliaklqana_hazy_memory,
          makhleb_altar_promises_db, enter_ossuary_4, minmay_gold_behind_fungi
D:8:      cheibrodos_barr_body, layout_rooms, nicolae_uskayaw_dance_studio,
          yredelemnul_forgotten_temple_becter
D:9:      minmay_the_grid_3x2 [minmay_the_grid_dragon_b,
          minmay_the_grid_aliased_spiral, minmay_the_grid_expand,
          minmay_the_grid_empty, minmay_the_grid_large_cup,
          minmay_the_grid_prize_shrinking_boxes], layout_loops_cross,
          nicolae_sif_muna_condensation,
          mainiacjoe_overflow_concentric_impassable,
          due_lair_maze_entry_diamond, enter_bailey_3, uniq_pikel, uniq_erica

Skill      XL: |  1  2  3  4  5  6  7  8  9 10 11 |
---------------+----------------------------------+-----
Armour         | 2 3 |  3.2
Ranged Weapons | 5 6 7 8 9 11 12 13 | 13.1
Fighting       | 3 4 6 7 8 |  8.5
Dodging        | 2 3 4 |  4.0
Invocations    | 2 4 6 8 |  8.1
Stealth        | |  1.1

Action                     |  1- 3 |  4- 6 |  7- 9 | 10-12 || total
---------------------------+-------+-------+-------+-------++-------
   Fire: Shortbow          |    95 |   307 |   146 |       ||   548
         Orcbow            |       |       |   241 |   298 ||   539
 Invoke: Heroism           |       |       |     3 |     1 ||     4
         Finesse           |       |       |       |     3 ||     3
    Use: Scroll            |     3 |    10 |     6 |     4 ||    23
         Potion            |     1 |     2 |     2 |       ||     5
 Armour: Leather armour    |    14 |    28 |    89 |   120 ||   251
         Ring mail         |    16 |    22 |       |       ||    38
         Animal skin       |       |    59 |       |       ||    59
  Dodge: Dodged            |    24 |   127 |   166 |   173 ||   490

Table legend:
 A = Non-vault XP
 B = Vault XP
 C = Vault XP percentage of total XP
 D = Non-vault monster count
 E = Vault monster count
 F = Vault count percentage of total count
                 A         B        C        D         E       F
            +---------+---------+-------+---------+---------+-------
      Total |    5737 |    6386 |  52.7 |     145 |      83 |  36.4
            +---------+---------+-------+---------+---------+-------
        D:1 |      37 |       0 |   0.0 |      23 |       0 |   0.0
        D:2 |      28 |      76 |  73.1 |      13 |      15 |  53.6
        D:3 |     224 |     116 |  34.1 |      19 |       4 |  17.4
        D:4 |     232 |      46 |  16.5 |      19 |       6 |  24.0
        D:5 |     409 |     341 |  45.5 |      12 |       8 |  40.0
        D:6 |     519 |       0 |   0.0 |       9 |       0 |   0.0
        D:7 |     491 |       2 |   0.4 |      15 |       2 |  11.8
        D:8 |    2925 |    3359 |  53.5 |      24 |      22 |  47.8
        D:9 |     872 |    2292 |  72.4 |      11 |      10 |  47.6
    Ossuary |       0 |     154 | 100.0 |       0 |      16 | 100.0
            +---------+---------+-------+---------+---------+-------
